 Dungeon Crawl Stone Soup version 0.24.0-13-gcf9b319 (webtiles) character file.

Game seed: 13630796015265535241, levelgen mode: deterministic

14569 warborn304 the Basher (level 11, -1/103 (104) HPs)
             Began as a Minotaur Berserker on Dec 28, 2019.
             Was an Elder of Trog.
             Slain by a hippogriff (4 damage)
             ... on level 11 of the Dungeon.
             The game lasted 00:25:35 (12563 turns).

warborn304 the Basher (Minotaur Berserker)         Turns: 12563, Time: 00:25:35

HP:   -1/103 (104)  AC: 15    Str: 22    XL:     11   Next: 90%
MP:   0/10          EV: 11    Int:  4    God:    Trog [****..]
Gold: 699           SH:  0    Dex: 16    Spells: 10/10 levels left

rFire    + . .     SeeInvis .   T - +4 whip "Ylenil" {slash, Dex+3}
rCold    . . .     Gourm    .   (no shield)
rNeg     . . .     Faith    .   a - +2 chain mail
rPois    .         Spirit   +   (helmet restricted)
rElec    .         Reflect  .   (no cloak)
rCorr    .         Harm     .   (no gloves)
MR       +....                  W - +0 pair of boots
Stlth    ..........             t - amulet of guardian spirit
HPRegen  0.27/turn              f - ring of protection from fire
MPRegen  0.12/turn              B - ring of protection from magic

@: lethally poisoned (-1 -> -10), lightly drained
A: retaliatory headbutt, horns 2
a: Berserk, Trog's Hand, Brothers in Arms, Renounce Religion


You were on level 11 of the Dungeon.
You worshipped Trog.
Trog was greatly pleased with you.
You were not hungry.

You visited 1 branch of the dungeon, and saw 11 of its levels.

You collected 699 gold pieces.

Inventory:

Hand Weapons
 g - a +0 morningstar
 l - a +0 flail
 x - a +1 flail of protection
 K - a +2 antimagic dire flail
 N - a +0 flail of venom
 S - a +0 flail of crushing
 T - the +4 whip "Ylenil" (weapon) {slash, Dex+3}
   (You found it on level 9 of the Dungeon)

   It inflicts extra damage upon your enemies.
   It affects your dexterity (+3).
Missiles
 m - 4 datura-tipped darts (quivered)
Armour
 a - a +2 chain mail (worn)
 b - a +0 animal skin
 e - a cursed +0 plate armour
 s - a +0 chain mail of poison resistance
 L - a +0 troll leather armour
 W - a +0 pair of boots (worn)
 Y - a +0 pair of gloves
Jewellery
 f - a ring of protection from fire (left hand)
 o - a cursed amulet of inaccuracy
 t - an amulet of guardian spirit (around neck)
 w - an uncursed ring of ice
 B - a ring of protection from magic (right hand)
 C - an uncursed ring of magical power
 J - the ring of Lorypoki {rElec rF+ MP+9 SInv, unknown}
   (You found it on level 8 of the Dungeon)

   [ring of see invisible]

   It protects you from fire.
   It insulates you from electricity.
   It affects your magic capacity (+9).
   It lets you see invisible.
 P - the ring of the Lizard {Int+3 Dex+5, unknown}
   (You found it on level 8 of the Dungeon)

   [ring of dexterity]

   It affects your intelligence (+3).
   It affects your dexterity (+5).
 U - an uncursed ring of protection from magic
Wands
 i - a wand of random effects (21)
 H - a wand of iceblast (8)
 O - a wand of clouds (7)
 Q - a wand of disintegration (15)
 R - a wand of flame (31)
 X - a wand of paralysis (7)
Scrolls
 h - 4 scrolls of magic mapping {unknown}
 k - 6 scrolls of identify
 n - 2 scrolls of immolation {unknown}
 q - 3 scrolls of amnesia {unknown}
 r - a scroll of fear {unknown}
 y - a scroll of random uselessness {unknown}
 z - 2 scrolls of teleportation
 A - 4 scrolls of remove curse {unknown}
 D - 2 scrolls of enchant weapon {unknown}
 E - a scroll of enchant armour
 F - 2 scrolls of noise {unknown}
 G - a scroll of blinking {unknown}
 I - 3 scrolls of fog {unknown}
 M - a scroll of silence {unknown}
 Z - a scroll of brand weapon {unknown}
Potions
 d - a potion of flight
 j - 2 potions of degeneration
 p - 2 potions of magic {unknown}
 u - a potion of agility {unknown}
 v - 2 potions of ambrosia
 V - a potion of curing
Comestibles
 c - 17 rations


   Skills:
 + Level 11.7(11.1) Fighting
 + Level 14.9(14.2) Maces & Flails
 + Level 11.6(11.0) Armour
 + Level 6.1(5.6) Dodging
 + Level 1.8(1.3) Stealth


You had 10 spell levels left.
You didn't know any spells.
Your spell library was empty.

Dungeon Overview and Level Annotations

Branches:
Dungeon (11/15)            Temple (0/1) D:4             Orc (0/2) D:10
   Lair: D:8-11

Altars:
Ashenzari
Elyvilon
Fedhas
Gozag
Hepliaklqana
Kikubaaqudgha
Okawaru
Trog
Uskayaw
Vehumet
Wu Jian
Xom
Yredelemnul
Zin
The Shining One

Annotations:
D:11 1 transporter, warborn304's ghost, journeyman MiBe


Innate Abilities, Weirdness & Mutations

You reflexively headbutt those who attack you in melee.
You have a pair of horns on your head.


Message History

You furiously retaliate!
You headbutt the wyvern, but do no damage.
The wyvern completely misses you. You furiously retaliate!
You headbutt the wyvern, but do no damage.
You feel sick.
The wyvern bites you but does no damage.
Unknown command.
You feel sick.
The wyvern bites you but does no damage.
You feel sick. The wyvern bites you!!
* * * LOW HITPOINT WARNING * * *
The wyvern bites you but does no damage.
The hippogriff bites you but does no damage.
The hippogriff pecks you but does no damage.
The hippogriff barely misses you.
* * * LOW HITPOINT WARNING * * *
You feel sick.
The wyvern rages.
The hippogriff bites you.
You die...

#.# #.##
######..#######
##.............####
#..####.©.####...#.
##.##..##### .# #...
#..#....(?%..#..##..
#.##.##..[###....#..
#.#@....#.....#.##..
#.#lH##..©..#..©#..#
#.#Ws...a#..##WH#...
#.##.y.#...#....#.#.
#..#....#......##.#.
##.#####..###.##..#.
#./...####©###.....
#####..........###.
######.##### .


You could see a moth of wrath, a hippogriff (berserk), a wyvern (berserk), a
redback (berserk) and warborn304's ghost.

Vanquished Creatures
  A two-headed ogre (D:8)
  A tengu warrior (D:10)
  A queen ant (D:9)
  Sonja (D:10)
  An ugly thing (D:8)
  2 centaur zombies
  2 hippogriffs
  A spriggan (D:8)
  A yak (D:8)
  A wraith (D:8)
  4 wyverns
  A human (D:9)
  A vampire mosquito (D:8)
  A warg (D:10)
  16 soldier ants (D:9)
  A black bear (D:9)
  3 orc warriors
  2 ice beasts
  5 sky beasts
  3 necrophages (D:10)
  3 ogres
  7 centaurs
  A crocodile (D:8)
  2 big kobolds
  Blork the orc (D:6)
  A bullfrog (D:6)
  A wyvern zombie (D:10)
  4 scorpions
  22 killer bees (D:10)
  5 wights
  2 howler monkeys (D:8)
  A bullfrog zombie (D:6)
  A bullfrog skeleton (D:6)
  2 jellies (D:9)
  7 orc priests
  3 crimson imps
  4 hounds
  A centaur skeleton (D:7)
  A gnoll shaman (D:10)
  9 orc wizards
  An iguana (D:10)
  30 worker ants
  3 hound zombies
  A hound skeleton (D:10)
  5 mummies (D:10)
  2 worker ant zombies
  12 gnolls
  A howler monkey skeleton (D:9)
  12 adders
  2 shadow imps
  An ooze (D:3)
  2 adder skeletons
  A worm (D:4)
  11 leopard geckos
  42 orcs
  8 bats
  4 giant cockroaches
  39 goblins
  31 hobgoblins
  11 jackals
  2 quokkas
  4 frilled lizards
  16 kobolds
  2 quokka skeletons
  9 rats
379 creatures vanquished.

Vanquished Creatures (collateral kills)
  Gastronok (D:10)
  A hydra (D:8)
  A queen bee (D:10)
  A troll (D:8)
  Sigmund (D:6)
  Edmund (D:6)
  A necrophage (D:10)
  A crocodile (D:11)
  A water moccasin zombie (D:6)
  3 killer bees (D:10)
  An iguana (D:8)
  A mummy (D:10)
  2 gnolls (D:10)
  A quokka (D:8)
17 creatures vanquished.

Vanquished Creatures (others)
  4 withered plants (D:10)
4 creatures vanquished.

Grand Total: 400 creatures vanquished

Notes
Turn   | Place    | Note
-------+----------+-------------------------------------------
     0 | D:1      | warborn304 the Minotaur Berserker began the quest for the
                  | Orb.
     0 | D:1      | Reached XP level 1. HP: 19/19 MP: 0/0
   654 | D:1      | Reached XP level 2. HP: 18/27 MP: 1/1
  1185 | D:1      | Reached skill level 4 in Maces & Flails
  1410 | D:2      | Reached XP level 3. HP: 29/33 MP: 2/2
  1449 | D:2      | Reached ** piety under Trog
  1529 | D:2      | Found a faded altar of an unknown god.
  1617 | D:2      | Reached XP level 4. HP: 34/41 MP: 3/3
  1668 | D:2      | Reached skill level 5 in Maces & Flails
  1985 | D:2      | Reached XP level 5. HP: 33/47 MP: 4/4
  2749 | D:3      | Reached skill level 1 in Stealth
  2899 | D:3      | Reached *** piety under Trog
  2920 | D:3      | Reached skill level 6 in Maces & Flails
  2928 | D:3      | Found a shattered altar of Ashenzari.
  3016 | D:3      | Reached skill level 5 in Fighting
  3434 | D:3      | Reached XP level 6. HP: 55/56 MP: 5/5
  3928 | D:3      | Found an ancient bone altar of Kikubaaqudgha.
  4032 | D:4      | Found a staircase to the Ecumenical Temple.
  4153 | D:4      | Reached skill level 7 in Maces & Flails
  4241 | D:4      | Reached **** piety under Trog
  4338 | D:4      | Reached XP level 7. HP: 57/62 MP: 6/6
  4446 | D:4      | Reached ***** piety under Trog
  5009 | D:4      | Reached skill level 8 in Maces & Flails
  5067 | D:4      | Found a glowing golden altar of the Shining One.
  5077 | D:4      | Found an iron altar of Okawaru.
  5543 | D:5      | Entered Level 5 of the Dungeon
  5557 | D:5      | Found a shimmering altar of Xom.
  5571 | D:5      | Received a gift from Trog
  5574 | D:5      | Found a bloodstained altar of Trog.
  5615 | D:5      | Found a bloodstained altar of Trog.
  5691 | D:5      | Found a radiant altar of Vehumet.
  6192 | D:5      | Found an ornate altar of the Wu Jian Council.
  6211 | D:5      | Reached XP level 8. HP: 55/71 MP: 5/7
  6286 | D:6      | Reached skill level 5 in Armour
  6289 | D:6      | Received a gift from Trog
  6346 | D:6      | Noticed Blork the orc
  6363 | D:6      | Killed Blork the orc
  6363 | D:6      | Reached skill level 9 in Maces & Flails
  6364 | D:6      | Noticed Sigmund
  6369 | D:6      | Noticed Edmund
  6377 | D:6      | Killed Edmund
  6378 | D:6      | Killed Sigmund
  6581 | D:6      | Found a white marble altar of Elyvilon.
  6872 | D:6      | Found a basalt altar of Yredelemnul.
  6897 | D:6      | Reached skill level 10 in Maces & Flails
  7265 | D:7      | Reached XP level 9. HP: 64/79 MP: 8/8
  7456 | D:7      | Got a spiked leather armour
  7457 | D:7      | Identified the cursed +1 leather armour of Uskayaw's
                  | Supremacy {rC+ Int-2 SInv} (You found it on level 7 of the
                  | Dungeon)
  7954 | D:8      | Got a scintillating tin ring
  7960 | D:8      | Received a gift from Trog
  7960 | D:8      | Reached skill level 11 in Maces & Flails
  7962 | D:8      | Noticed an eight-headed hydra
  7963 | D:8      | Noticed a troll
  7969 | D:8      | Killed a nine-headed hydra
  7971 | D:8      | Killed a troll
  8147 | D:8      | Noticed a green ugly thing
  8164 | D:8      | Killed a green ugly thing
  8164 | D:8      | Reached skill level 12 in Maces & Flails
  8314 | D:8      | Noticed a two-headed ogre
  8319 | D:8      | Killed a two-headed ogre
  8319 | D:8      | Reached XP level 10. HP: 47/90 MP: 5/9
  8687 | D:8      | Got a sparkling glass ring
  8702 | D:8      | Identified the Disquisition on Supportive Cold
  9103 | D:8      | Found a glowing silver altar of Zin.
  9113 | D:8      | Found a radiant altar of Vehumet.
  9188 | D:8      | Found an opulent altar of Gozag.
  9189 | D:8      | Found a hazy altar of Hepliaklqana.
  9318 | D:8      | Found a hide-covered altar of Uskayaw.
  9546 | D:9      | Reached skill level 13 in Maces & Flails
  9616 | D:9      | Reached skill level 10 in Armour
  9644 | D:9      | Reached skill level 10 in Fighting
  9649 | D:9      | Noticed a queen ant
  9673 | D:9      | Killed a queen ant
  9685 | D:9      | Reached XP level 11. HP: 75/100 MP: 6/10
 10217 | D:9      | Got a slimy whip
 10218 | D:9      | Identified the +4 whip "Ylenil" {slash, Dex+3} (You found
                  | it on level 9 of the Dungeon)
 10620 | D:9      | Reached skill level 14 in Maces & Flails
 10895 | D:9      | Found a blossoming altar of Fedhas.
 10987 | D:10     | Entered Level 10 of the Dungeon
 11222 | D:10     | Received a gift from Trog
 11399 | D:10     | Found a staircase to the Orcish Mines.
 11587 | D:10     | Noticed Sonja
 11633 | D:10     | Reached skill level 5 in Dodging
 11853 | D:10     | Noticed Gastronok
 11867 | D:10     | Killed Gastronok
 11880 | D:10     | Killed Sonja
 12064 | D:10     | Noticed a tengu warrior
 12073 | D:10     | Killed a tengu warrior
 12474 | D:11     | Found a transporter.
 12480 | D:11     | Noticed warborn304's ghost (journeyman MiBe)
 12543 | D:11     | Found a transporter.
 12562 | D:11     | HP: 3/103 [wyvern (15)]
 12563 | D:11     | Slain by a hippogriff

Levels and vault maps discovered:
D:1:      lemuel_arrival_behind_the_door_large, layout_basic
D:2:      layout_rooms, chequers_ecumenical_altar_grove, first_ration,
          chequers_avenue
D:3:      layout_basic, overflow_temple_1_default, lemuel_crystal_altar
D:4:      minmay_goblin_kobold_castle, layout_loops_cross, old_standard_altar,
          minmay_temple_entry_stoned_glass, okawaru_gym_becter
D:5:      layout_rooms, lemuel_doored_altar, lemuel_coloured_pillars_altar,
          vehumet_crystals, overflow_temple_1_default, bloody_trog
D:6:      layout_basic, kennysheep_mini_moat, basic_altar, minmay_between,
          uniq_edmund, uniq_sigmund, uniq_blork_the_orc
D:7:      layout_loops_ring, serial_glass, glass_columns_a, glass_columns_c
D:8:      minmay_the_grid_four_pointed_star [minmay_the_grid_triangle_9x9_cache,
          minmay_the_grid_triangle_9x9_steps,
          minmay_the_grid_triangle_9x9_sparse_checkered,
          minmay_the_grid_triangle_9x9_empty, minmay_the_grid_prize_trominoes],
          layout_rooms, zin_treasury, kennysheep_mini,
          nicolae_overflow_hidden_temple, the_bakery, vehumet_altar_wand_db
D:9:      layout_loops_cross, lemuel_round_altar, corexii_hall_statues_x,
          zaba_anthell
D:10:     layout_loops_ring, erik_orc_4, special_room [special_room_bee],
          serial_undead, serial_undead_a, serial_undead_d, serial_undead_e,
          serial_undead_b, serial_undead_b, serial_undead_e, uniq_gastronok,
          uniq_sonja
D:11:     cheibrodos_fzero, layout_loops_cross,
          gammafunk_ghost_berserking_beasts, portal_ice_cave_entry_imps,
          minmay_misc_feat_chi, uniq_psyche

Skill      XL: |  1  2  3  4  5  6  7  8  9 10 11 |
---------------+----------------------------------+-----
Fighting       | 4 5 6 7 8 10 11 | 11.7
Maces & Flails | 4 5 6 7 8 10 12 13 14 | 14.9
Dodging        | 3 4 6 |  6.1
Stealth        | 1 |  1.8
Armour         | 3 4 6 9 10 11 | 11.6

Action                   |  1- 3 |  4- 6 |  7- 9 | 10-12 || total
-------------------------+-------+-------+-------+-------++-------
Melee: Mace              |    69 |    38 |       |       ||   107
       Headbutt          |     7 |    22 |    62 |   129 ||   220
       Flail             |       |   153 |   136 |   274 ||   563
       Morningstar       |       |       |   140 |       ||   140
       Whip              |       |       |       |   266 ||   266
Invok: Berserk           |       |     1 |     3 |     6 ||    10
       Brothers in Arms  |       |       |     4 |     8 ||    12
  Use: Potion            |       |     8 |       |     8 ||    16
       Scroll            |       |     5 |     8 |     1 ||    14
 Stab: Sleeping          |     1 |       |       |       ||     1
  Eat: Chunk             |     1 |     4 |     9 |     4 ||    18
       Ration            |       |     2 |     3 |     5 ||    10
Armor: Animal skin       |     6 |     9 |       |       ||    15
       Chain mail        |       |    82 |   176 |   257 ||   515
Dodge: Dodged            |    48 |   112 |   125 |   308 ||   593
